Map: Simulacrum LE

Players

Freak - Winner!

  • Race: Protoss Protoss
  • Spawn Location: 11:00

UpInYourBum

  • Race: Zerg Zerg
  • League: Diamond
  • Spawn Location: 5:00

VOD

Have the link to the VOD?

Description

Time

  • Played on: Dec. 4, 2019, 8:26 p.m.
  • Length: 11:21
Show
View Real Time Build Order
Export as new Build Order

Freak Protoss - Winner!

Build Orders: 1 Gate Expand, Mass Adepts 

Get SALT Encoding   

  12  0:01  Probe  
  13  0:15  Probe  
  13  0:21  Pylon  
  14  0:27  Probe (Chrono Boost)  
  15  0:39  Probe (Chrono Boost)  
  16  0:47  Gateway  
  16  0:48  Probe (Chrono Boost)  
  16  0:49  Assimilator  
  17  0:53  Probe  
  18  1:06  Probe  
  19  1:18  Probe  
  20  1:25  Nexus  
  20  1:30  Probe  
  21  1:38  Cybernetics Core  
  21  1:42  Probe  
  21  1:45  Assimilator  
  22  1:52  Pylon  
  22  1:55  Probe  
  23  2:10  Probe (Chrono Boost)  
  24  2:16  Twilight Council  
  24  2:18  Adept (Chrono Boost)  
  24  2:22  Probe (Chrono Boost)  
  27  2:27  Warp Gate  
  27  2:29  Probe (Chrono Boost)  
  27  2:39  Probe (Chrono Boost)  
  29  2:44  Probe (Chrono Boost)  
  29  2:45  Adept  
  29  2:49  Probe (Chrono Boost)  
  33  2:52  Probe (Chrono Boost), Resonating Glaives  
  33  2:53  Probe (Chrono Boost)  
  34  3:03  Probe  
  36  3:06  Probe (Chrono Boost)  
  36  3:09  Gateway  
  36  3:15  Probe (Chrono Boost)  
  36  3:24  Probe (Chrono Boost)  
  36  3:25  Probe (Chrono Boost)  
  37  3:27  Robotics Facility  
  37  3:31  Probe  
  38  3:40  Gateway  
  38  3:43  Gateway  
  38  3:45  Gateway  
  38  3:48  Gateway  
  38  3:54  Gateway  
  38  4:01  Pylon  
  38  4:10  Pylon  
  38  4:12  Warp Prism (Chrono Boost)  
  40  4:21  Stalker  
  40  4:22  Adept  
  44  4:35  Adept  
  46  4:42  Adept x2  
  50  4:46  Nexus  
  50  4:48  Adept x3  
  56  4:56  Pylon  
  56  4:57  Adept  
  56  4:58  Adept  
  60  5:07  Probe x2 (Chrono Boost)  
  62  5:19  Probe (Chrono Boost)  
  63  5:23  Adept x3  
  69  5:33  Adept x2  
  63  5:51  Immortal (Chrono Boost)  
  63  5:53  Probe (Chrono Boost)  
  63  5:56  Robotics Facility  
  63  5:59  Probe (Chrono Boost), Assimilator  
  63  6:01  Assimilator  
  55  6:04  Probe (Chrono Boost)  
  55  6:06  Adept x6  
  66  6:15  Probe x2  
  64  6:24  Shield Battery  
  64  6:27  Immortal (Chrono Boost)  
  64  6:30  Sentry, Adept  
  75  6:48  Adept  
  75  6:51  Immortal (Chrono Boost)  
  77  6:54  Adept x4  
  77  7:00  Zealot  
  73  7:15  Adept x4  
  71  7:16  Adept  
  71  7:17  Probe (Chrono Boost)  
  69  7:25  Probe (Chrono Boost)  
  69  7:29  Probe (Chrono Boost)  
  69  7:33  Probe (Chrono Boost)  
  71  7:37  Sentry x4  
  71  7:39  Probe (Chrono Boost)  
  71  7:42  Warp Prism (Chrono Boost)  
  83  7:45  Probe (Chrono Boost)  
  83  7:46  Sentry  
  85  7:55  Pylon  
  85  7:59  Pylon  
  85  8:08  Pylon  
  85  8:13  Probe x2, Observer (Chrono Boost)  
  85  8:19  Adept  
  90  8:20  Adept  
  90  8:22  Adept x3  
  98  8:27  Adept x2  
  92  8:41  Adept x2  
  82  8:57  Probe x2  
  82  8:59  Sentry x5  
  82  9:00  Probe  
  95  9:07  Sentry  
  95  9:09  Adept  
  99  9:13  Probe x3 (Chrono Boost)  
  102  9:18  Gateway  
  102  9:19  Gateway  
  102  9:22  Gateway  
  102  9:23  Gateway  
  102  9:30  Stalker x3  
  108  9:35  Pylon  
  108  9:36  Pylon  
  108  9:52  Adept x4  
  96  10:14  Adept  
  96  10:15  Adept x8  
  106  10:22  Probe (Chrono Boost)  
  106  10:26  Assimilator  
  106  10:27  Warp Prism (Chrono Boost)  
  106  10:28  Probe (Chrono Boost), Assimilator  
  88  10:45  Probe x2  
  88  10:48  Probe  
  87  10:51  Templar Archives  
  87  10:54  Forge  
  87  10:56  Forge  
  85  11:07  Probe (Chrono Boost)  
  85  11:10  Probe (Chrono Boost)  
Show
View Real Time Build Order
Export as new Build Order

UpInYourBum Zerg 

Build Orders: Hatch First 

Get SALT Encoding   

  12  0:04  Drone  
  13  0:12  Overlord  
  13  0:17  Drone  
  14  0:30  Drone x2  
  16  0:50  Hatchery  
  16  0:52  Drone  
  16  0:56  Drone  
  17  0:59  Drone  
  18  1:10  Extractor  
  17  1:16  Spawning Pool  
  16  1:19  Drone  
  16  1:22  Drone  
  18  1:31  Drone  
  19  1:53  Overlord  
  19  1:57  Drone  
  20  2:02  Queen x2  
  20  2:03  Zergling x2  
  20  2:04  Zergling x2  
  26  2:11  Metabolic Boost  
  26  2:13  Drone  
  27  2:18  Drone  
  28  2:35  Hatchery  
  27  2:38  Drone  
  27  2:40  Drone  
  27  2:43  Drone  
  30  2:49  Drone x2  
  32  2:56  Queen  
  34  3:00  Overlord  
  34  3:16  Drone x3  
  34  3:19  Overlord  
  36  3:21  Drone x2  
  36  3:23  Queen  
  36  3:26  Drone  
  41  3:35  Overlord  
  41  3:36  Drone  
  41  3:37  Drone x2  
  44  3:46  Drone  
  45  3:49  Queen  
  45  3:50  Overlord  
  45  3:52  Zergling x2  
  45  3:53  Zergling x2  
  45  3:54  Drone  
  50  3:58  Drone  
  50  4:00  Drone x2  
  53  4:12  Drone, Lair  
  53  4:13  Drone x3  
  57  4:19  Drone x4  
  61  4:27  Extractor x2, Roach Warren  
  61  4:29  Overlord  
  58  4:34  Overlord  
  58  4:35  Overlord  
  58  5:09  Roach x13  
  58  5:12  Overlord  
  58  5:13  Overlord  
  84  5:25  Roach x5  
  89  5:31  Roach x2  
  88  5:42  Roach x2  
  77  5:51  Roach  
  77  5:53  Zergling x12  
  81  6:05  Drone x2  
  81  6:10  Drone x2  
  83  6:15  Drone  
  84  6:20  Drone  
  84  6:21  Drone  
  86  6:26  Drone  
  86  6:28  Drone  
  86  6:40  Ravager  
  73  7:05  Drone x15  
  80  7:14  Drone  
  80  7:15  Drone x3  
  64  7:26  Zergling x8  
  64  7:29  Drone  
  63  7:30  Drone  
  63  7:33  Drone  
  63  7:34  Evolution Chamber  
  64  7:47  Zergling x4  
  64  7:48  Zergling x18, Baneling Nest  
  64  7:51  Drone  
  75  7:54  Drone x2  
  77  8:03  Drone  
  77  8:04  Drone x2  
  77  8:05  Zerg Melee Weapons Level 1  
  80  8:07  Glial Reconstitution  
  80  8:11  Drone  
  81  8:15  Drone  
  81  8:16  Drone  
  83  8:22  Roach x2  
  83  8:23  Roach x3  
  92  8:33  Roach  
  92  8:34  Roach x4  
  98  8:41  Roach x2  
  98  8:43  Zergling x4  
  91  9:02  Extractor x2  
  89  9:03  Drone x4  
  89  9:06  Extractor, Zergling x12  
  89  9:07  Hydralisk Den  
  89  9:09  Ravager  
  98  9:10  Zergling x2  
  98  9:15  Zergling x4  
  101  9:24  Zergling x10  
  101  9:27  Baneling x5  
  106  9:38  Overlord  
  106  9:39  Overlord x4  
  106  9:41  Spine Crawler  
  106  9:43  Spine Crawler  
  106  9:44  Spine Crawler  
  100  9:51  Roach x5  
  103  9:58  Zergling x8  
  97  10:01  Ravager x4  
  97  10:04  Zergling x4  
  89  10:19  Zergling x2  
  89  10:20  Zergling x6  
  73  10:23  Zergling x2  
  58  10:30  Zergling x8  
  48  10:43  Drone x5  
  48  10:46  Drone x3  
  51  10:51  Drone  
Tags
 
Add a new tag
Caveats
  • Supply blocks, unpowered buildings, or Contaminate may cause inaccurate times.
  • Supply counts are checked every 10 seconds.